 Dungeon Crawl Stone Soup version 0.31.0-2-g5a2aebc5c2 (webtiles) character file.

Game seed: 1835697171898583754

6483 Daunt the Skirmisher (level 11, 0/78 HPs)
             Began as a Barachi Shapeshifter on Jan 20, 2024.
             Was a Follower of Hepliaklqana.
             Slain by a freezing wraith (20 damage)
             ... on level 9 of the Dungeon.
             The game lasted 00:49:46 (12750 turns).

Daunt the Skirmisher (Barachi Shapeshifter)        Turns: 12750, Time: 00:49:46

Health: 0/78       AC:  9    Str: 16    XL:     11   Next: 0%
Magic:  11/11      EV: 19    Int: 11    God:    Hepliaklqana [*.....]
Gold:   338        SH:  0    Dex: 15    Spells: 10/10 levels left

rFire   . . .        G - +0 orcbow
rCold   . . .        (shield currently unavailable)
rNeg    . . .        E - +2 robe {Will+}
rPois   .            y - +2 hat
rElec   .            m - +2 cloak
rCorr   .            (no gloves)
SInv    .            (no boots)
Will    ++...        f - amulet of the acrobat
Stlth   +++          O - +5 ring of evasion
HPRegen 0.33/turn    A - ring of willpower
MPRegen 0.12/turn

%: acrobat
@: about to teleport, unable to hop, slowed, very slow
A: reduced essence, amphibious, slowness 1, strong legs 1, +LOS
a: Hop, Renounce Religion, Recall Ancestor, Ancestor Identity


You were on level 9 of the Dungeon.
You worshipped Hepliaklqana.
Hepliaklqana was aware of your devotion.
You visited 2 branches of the dungeon, and saw 10 of its levels.

You collected 572 gold pieces.
You spent 234 gold pieces at shops.

Inventory:

Hand Weapons
 a - a +3 spear of freezing
 b - a +1 sling of freezing
 w - a +1 short sword of draining
 G - a +0 orcbow (weapon)
Missiles
 r - 11 boomerangs
 u - 3 javelins
 H - 19 poisoned darts
 I - 7 curare-tipped darts
Armour
 l - a +0 animal skin
 m - a +2 cloak (worn)
 n - a +0 scale mail
 p - a +0 ring mail
 x - a +0 helmet
 y - a +2 hat (worn)
 E - a +2 robe of willpower (worn)
 Q - a +0 cloak of preservation
Jewellery
 f - an amulet of the acrobat (around neck)
 h - a +6 ring of dexterity
 A - a ring of willpower (right hand)
 O - a +5 ring of evasion (left hand)
Talismans
 c - a beast talisman
 d - a flux talisman
Wands
 J - a wand of acid (13)
Scrolls
 g - 2 scrolls of fear
 j - 3 scrolls of immolation
 k - 2 scrolls of blinking
 o - a scroll of teleportation
 q - 2 scrolls of torment
 v - 2 scrolls of poison {unknown}
 z - 3 scrolls of noise {unknown}
 K - a scroll of revelation {unknown}
 N - 2 scrolls of vulnerability {unknown}
Potions
 e - a potion of berserk rage
 s - 2 potions of heal wounds
 t - 2 potions of curing
 B - 3 potions of might
 C - 3 potions of enlightenment
 D - 3 potions of mutation
 F - a potion of attraction
 L - 2 potions of ambrosia {unknown}
 M - a potion of brilliance {unknown}
 P - 3 potions of degeneration {unknown}


   Skills:
 + Level 8.7 Fighting
 + Level 12.5 Ranged Weapons
 + Level 5.4 Armour
 + Level 4.6 Dodging
 - Level 4.0 Stealth
 - Level 3.2 Unarmed Combat
 - Level 3.2 Shapeshifting


You had 10 spell levels left.
You didn't know any spells.
Your spell library contained the following spells:

 Spells                   Type           Power      Damage    Failure   Level
 Blink                    Tloc           0%         N/A       47%         2
 Lesser Beckoning         Tloc           0%         N/A       47%         2
 Momentum Strike          Conj/Tloc      0%         3d8       47%         2
 Scorch                   Fire           0%         2d5       47%         2
 Gell's Gravitas          Tloc           0%         N/A       71%         3
 Inner Flame              Hex/Fire       0%         N/A       71%         3
 Teleport Other           Tloc           0%         N/A       71%         3
 Flame Wave               Conj/Fire      0%         2d4       98%         4
 Sticky Flame             Fire/Alch      0%         2d4       98%         4
 Summon Cactus Giant      Summ           0%         N/A       100%        6
 Malign Gateway           Summ/Tloc      0%         N/A       100%        7
 Summon Horrible Things   Summ           0%         N/A       100%        8


Dungeon Overview and Level Annotations

Branches:
Dungeon (9/15)             Temple (1/1) D:5
   Lair: D:8-11         Orc: D:9-12

Altars:
Ashenzari
Cheibriados
Dithmenos
Elyvilon
Fedhas
Gozag
Hepliaklqana
Kikubaaqudgha
Makhleb
Nemelex Xobeh
Okawaru
Qazlal
Ru
Sif Muna
Trog
Uskayaw
Vehumet
Wu Jian
Xom
Yredelemnul
Zin
The Shining One

Shops:
D:1 *   D:4 (

Annotations:
D:7 2 transporters, Maggie; champdelmundo's ghost, novice MiBe
D:8 3 runed translucent doors, Joseph; Krumphau's ghost, novice MiFi; ZoaN's ghost, novice DEFE; ssalbiz's ghost, novice MiBe
D:9 2 runed translucent doors


Innate Abilities, Weirdness & Mutations

Your life essence is reduced to manifest your ancestor. (-10% HP)
You are amphibious.
You cover ground slowly.
You can hop short distances.
You have an extended range of vision and can be seen from far away.


Message History

The troll is almost dead.
The freezing wraith closely misses you. The freezing wraith hits you.
The freezing wraith drains your vigour!
You feel yourself slow down. The troll misses you.
The troll claws you but does no damage. The troll claws you.
You shoot an arrow. The arrow hits the troll.
You kill the troll!
The troll leather armour is intact enough to wear.
The freezing wraith hits you but does no damage.
The freezing wraith hits you. The freezing wraith drains your vigour!
You feel as though you will be slow longer.
You have reached level 11!
Unknown command.
You shoot an arrow.
The arrow hits the freezing wraith but does no damage.
The freezing wraith hits you. The freezing wraith freezes you!
The freezing wraith misses you. x2
The freezing wraith completely misses you.
You shoot an arrow.
The arrow closely misses the freezing wraith.
The freezing wraith hits you. The freezing wraith freezes you!
The freezing wraith hits you!
You are too injured to fight recklessly!
You are too injured to fight recklessly!
Unknown command.
Unknown command.
Unknown command.
The freezing wraith misses you.
The freezing wraith completely misses you.
There is an open door here.
The freezing wraith hits you but does no damage. x2
Hop to where?
Press: ? - help, Dir - move target, p - freezing wraith Boing!
There is a stone staircase leading up here.
As you read the scroll of teleportation, it crumbles to dust.
You feel strangely unstable. The freezing wraith hits you!
* * * LOW HITPOINT WARNING * * *
The freezing wraith freezes you!!
You die...

..####.....####.##.##..~≈~.
#.#..##...##..#.##.# ..~≈.~
..#...##.##...#....# ..~≈~.
..##...#.#...##....# .~≈≈.
...##.'#.#[.##.....#
#...###÷..###......# ...~~~≈.
....†...8........#.# ...≈≈≈≈.
#...###...###...##.##..~≈≈≈~.
...## +#.#[.##..@......~≈≈~~.
..## #.#...##.W.......≈~.~.
..# ##.##...#.........~~.~.
..# ##...##.[#..........~...
#.####.....####.##.##........
................##.#.[.......
..........#..#.....'......#..
..........#..'.....#......#
#.........#####)####......#


You could see a freezing wraith.

Vanquished Creatures
  3 trolls (D:9)
  Grinder (D:4)
  3 wyverns (D:9)
  3 yaks (D:7)
  Edmund (D:3)
  3 vampire mosquitoes (D:7)
  2 water moccasins
  An ice beast (D:6)
  A black bear (D:6)
  An orc warrior (D:9)
  2 ogres
  2 centaurs
  3 wolves
  4 phantoms
  3 kobold brigands
  Blork the orc (D:6)
  2 bullfrogs
  3 scorpions
  7 wights
  3 killer bees
  2 jellies (D:5)
  3 bombardier beetles
  2 electric eels (D:9)
  10 hounds
  4 orc priests
  2 sleepcaps
  Crazy Yiuf (D:4)
  A gnoll bouda (D:5)
  2 iguanas
  Terence (D:3)
  3 orc wizards
  Robin (D:3)
  4 gnolls
  3 adders
  3 shadow imps
  4 white imps
  2 ufetubi (D:7)
  A ribbon worm (D:2)
  2 dart slugs
  21 orcs
  5 ball pythons
  6 bats
  6 endoplasms
  4 giant cockroaches
  10 hobgoblins
  2 jackals (D:4)
  5 quokkas
  6 frilled lizards
  22 goblins
  13 kobolds
  A rat (D:2)
201 creatures vanquished.

Vanquished Creatures (collateral kills)
  A wyvern (D:9)
  A yak (D:8)
  A centaur (D:8)
  A wight (D:9)
  4 killer bees (D:8)
  A hound (D:9)
  An orc priest (D:7)
  5 kobolds
15 creatures vanquished.

Vanquished Creatures (others)
  15 ancestors
15 creatures vanquished.

Grand Total: 231 creatures vanquished

Notes
Turn   | Place    | Note
-------+----------+-------------------------------------------
     0 | D:1      | Daunt the Barachi Shapeshifter began the quest for the Orb.
     0 | D:1      | Reached XP level 1. HP: 15/15 MP: 1/1
   149 | D:1      | Reached XP level 2. HP: 23/23 MP: 2/2
   263 | D:1      | Found Sadi's Assorted Antiques.
   541 | D:1      | Reached XP level 3. HP: 27/27 MP: 3/3
   924 | D:2      | Noticed a phantom
  1117 | D:3      | Reached XP level 4. HP: 38/38 MP: 4/4
  1327 | D:3      | Reached skill level 5 in Fighting
  1416 | D:3      | Noticed Robin
  1462 | D:3      | Killed Robin
  1716 | D:3      | Noticed an ogre
  1730 | D:3      | Reached XP level 5. HP: 45/45 MP: 5/5
  2014 | D:2      | Killed a phantom
  2170 | D:1      | Bought a blue potion for 22 gold pieces
  2170 | D:1      | Bought a scroll labelled TUESHR BUZE for 25 gold pieces
  2170 | D:1      | Bought 2 puce potions for 45 gold pieces
  2170 | D:1      | Bought 2 glowing golden potions for 45 gold pieces
  2281 | D:3      | Noticed Terence
  2295 | D:3      | Killed Terence
  2296 | D:3      | Reached XP level 6. HP: 39/55 MP: 6/6
  2352 | D:4      | Noticed Edmund
  2647 | D:4      | Noticed Grinder
  2689 | D:4      | Killed Grinder
  2690 | D:4      | Reached skill level 3 in Ranged Weapons
  2690 | D:4      | Reached XP level 7. HP: 19/60 MP: 7/7
  2969 | D:4      | Reached skill level 4 in Ranged Weapons
  3080 | D:4      | Found a runed translucent door.
  3081 | D:4      | Noticed Crazy Yiuf
  3215 | D:4      | Noticed a two-headed ogre
  3530 | D:3      | Reached skill level 5 in Ranged Weapons
  3725 | D:4      | Found a blossoming altar of Fedhas.
  3725 | D:4      | Found a broken altar of Ashenzari.
  3725 | D:4      | Found a sparkling altar of Nemelex Xobeh.
  3727 | D:4      | Found a shadowy altar of Dithmenos.
  3730 | D:4      | Found a bloodstained altar of Trog.
  3787 | D:4      | Found Elameso Utt's Weapon Shop.
  4397 | D:4      | Bought a +1 sling of freezing for 97 gold pieces
  4640 | D:5      | Entered Level 5 of the Dungeon
  4754 | D:5      | Reached skill level 6 in Ranged Weapons
  4776 | D:5      | Reached skill level 1 in Stealth
  4776 | D:5      | Reached XP level 8. HP: 21/67 MP: 8/8
  4980 | D:5      | Found a staircase to the Ecumenical Temple.
  4988 | Temple   | Entered the Ecumenical Temple
  4994 | Temple   | Became a worshipper of Hepliaklqana the Forgotten
  5308 | D:5      | Reached skill level 1 in Armour
  5757 | D:5      | Reached skill level 7 in Ranged Weapons
  6087 | D:6      | Reached skill level 8 in Ranged Weapons
  6087 | D:6      | Reached XP level 9. HP: 29/72 MP: 9/9
  6495 | D:6      | Reached skill level 9 in Ranged Weapons
  6515 | D:6      | Noticed Blork the orc
  6524 | D:6      | Killed Blork the orc
  6914 | D:7      | Identified the ring "Ledet" {Fly rF- Str+3 Int+4 SInv}
  6914 | D:7      | Noticed champdelmundo's ghost (novice MiBe)
  6922 | D:7      | Reached * piety under Hepliaklqana
  7081 | D:7      | Found a transporter.
  7087 | D:7      | Found a transporter.
  7320 | D:7      | Reached skill level 10 in Ranged Weapons
  7418 | D:7      | Noticed Maggie
  7741 | D:7      | Found an ornate altar of the Wu Jian Council.
  7741 | D:7      | Found a basalt altar of Yredelemnul.
  7994 | D:4      | Killed Crazy Yiuf
  8309 | D:5      | Found a staircase to the Ecumenical Temple.
  8870 | D:5      | Found a staircase to the Ecumenical Temple.
 10006 | D:3      | Killed Edmund
 10207 | D:8      | Reached skill level 11 in Ranged Weapons
 10358 | D:8      | Noticed Joseph
 10479 | D:8      | Reached XP level 10. HP: 57/71 MP: 10/10
 10558 | D:8      | Found a runed translucent gate.
 10558 | D:8      | Found a runed translucent gate.
 10559 | D:8      | Found a runed translucent gate.
 10560 | D:8      | Noticed ssalbiz's ghost (novice MiBe)
 10561 | D:8      | Noticed ZoaN's ghost (novice DEFE)
 10561 | D:8      | Noticed Krumphau's ghost (novice MiFi)
 10682 | D:8      | Reached skill level 12 in Ranged Weapons
 12117 | D:9      | Found a large runed translucent door.
 12117 | D:9      | Found a large runed translucent door.
 12572 | D:9      | Reached skill level 5 in Armour
 12743 | D:9      | Reached XP level 11. HP: 64/78 MP: 11/11
 12750 | D:9      | Slain by a freezing wraith

Illustrated notes

Levels and vault maps discovered:
D:1:      spicycebolla_green_bress_n_ham, layout_basic, serial_shops,
          nicolae_shop_back_alley_shop
D:2:      layout_rooms
D:3:      layout_basic, minmay_ogre_servants, uniq_terence, uniq_robin
D:4:      layout_cave_pods, minitemple, serial_shops,
          nicolae_shop_tiny_waterfront, hangedman_abyss_or_decor_passed,
          uniq_edmund, uniq_grinder, uniq_crazy_yiuf_cottage
D:5:      minmay_spotlight, layout_basic, temple_green
D:6:      layout_loops_ring, uniq_blork_the_orc
D:7:      layout_gridville, mainiacjoe_overflow_divided_tiny,
          gammafunk_ghost_gnarly_gnolls, nicolae_ossuary_entry_ruins,
          uniq_maggie
D:8:      layout_loops_ring, gammafunk_ghost_cemetery, uniq_joseph
D:9:      cheibrodos_barr_body, layout_gridville, erik_lair_island,
          ebering_ghost_disaster_area, kennysheep_cross_room
Temple:   hellmonk_temple_two_chambers

Skill      XL: |  1  2  3  4  5  6  7  8  9 10 |
---------------+-------------------------------+-----
Fighting       | 2 3 4 5 7 8 |  8.7
Ranged Weapons | 3 6 8 11 12 | 12.5
Stealth        | 1 3 4 |  4.0
Armour         | 3 5 |  5.4
Dodging        | 4 |  4.6
Unarmed Combat | |  3.2
Shapeshifting  | |  3.2

Action                     |  1- 3 |  4- 6 |  7- 9 | 10-12 || total
---------------------------+-------+-------+-------+-------++-------
  Melee: Unarmed           |    46 |       |       |       ||    46
         Punch             |     2 |     5 |     1 |       ||     8
         Short sword       |    50 |    23 |       |       ||    73
         Spear             |       |   122 |    52 |       ||   174
   Fire: Sling             |     1 |    11 |   238 |       ||   250
         Orcbow            |       |       |   254 |   239 ||   493
 Invoke: Recall Ancestor   |       |       |     1 |     3 ||     4
Ability: Begin Untransform |     1 |       |       |       ||     1
         Hop               |       |       |     7 |     6 ||    13
    Use: Scroll            |       |     1 |    13 |     3 ||    17
         Potion            |       |       |     3 |       ||     3
 Armour: Animal skin       |     4 |       |       |       ||     4
         Ring mail         |    31 |       |       |       ||    31
         Scale mail        |    30 |    89 |    88 |       ||   207
         Skin              |       |       |    24 |       ||    24
         Robe              |       |       |   107 |    86 ||   193
  Dodge: Dodged            |    51 |    57 |   191 |   150 ||   449
